AoeStats
← tony le gros rou

Socotra

505667091Analyzed
2v2 RM · 22d ago on Sep 10, 2026· 33m 7s· 4 players
Game mode
Random Map
Map size
Tiny (2 player)
Population
200
Speed
Normal
Resources
Standard
Victory
Conquest
Starting age
Dark Age
Ending age
Imperial Age
RankedLock teamsTeams togetherTeam positionsShared explorationLock speedFull tech treeHidden civsTurbo modeCheats
Victory
Defeat
🇫🇷 Inca · France
1449
+13
🇫🇷 Persians · France
1426
+14
🇦🇷 Jurchens · Argentina
1395
-15
🇻🇳 Franks · Vietnam
1353
-12
GN | Periko 廻
8:51 Feudal Age
9:43 Loom
15:58 Fletching
22:28 Castle Age
20:27 Double-Bit Axe
21:16 Horse Collar
22:17 Padded Archer Armor
22:29 Crossbowman
23:13 Bodkin Arrow
31:27 Ballistics
tiger
7:00 Loom
9:20 Feudal Age
10:06 Double-Bit Axe
16:54 Scale Barding Armor
24:43 Castle Age
23:25 Forging
24:14 Gold Mining
25:48 Chain Barding Armor
25:52 Bow Saw
26:21 Light Cavalry
27:11 Husbandry
26:47 Pikeman
29:01 Husbandry
31:50 Iron Casting
ccereal
6:56 Loom
9:20 Feudal Age
9:51 Double-Bit Axe
12:52 Fletching
20:58 Castle Age
19:44 Padded Archer Armor
19:25 Horse Collar
21:01 Crossbowman
21:55 Bodkin Arrow
23:41 Town Watch
25:25 Ballistics
27:18 Gold Mining
29:04 Leather Archer Armor
tony le gros rou
6:03 Loom
8:25 Feudal Age
20:59 Castle Age
20:20 Bloodlines
20:16 Scale Barding Armor
26:57 Forging
26:55 Horse Collar
Connection lost

Rejoining the realm…

Still unreachable

The connection could not be restored.

Session expired

The server has moved on; the page needs a fresh start.